 Dungeon Crawl Stone Soup version 0.23.2-30-g0e89c35649 (webtiles) character file.

Game seed: 1763496292026050342

619 Kairos the Chopper (level 7, -11/63 HPs)
             Began as a Deep Dwarf Fighter on June 7, 2019.
             Was an Initiate of Makhleb.
             Mangled by an ogre
             ... wielding a +0 giant club
              (21 damage)
             ... on level 5 of the Dungeon.
             The game lasted 00:07:24 (3306 turns).

Kairos the Chopper (Deep Dwarf Fighter)             Turns: 3306, Time: 00:07:25

Health: -11/63     AC: 12    Str: 22    XL:     7   Next: 21%
Magic:  6/6        EV:  8    Int:  8    God:    Makhleb [......]
Gold:   253        SH: 10    Dex: 12    Spells: 6/6 levels left

rFire    + . .     SeeInvis .   a - +0 war axe
rCold    x . .     Gourm    .   c - +0 shield
rNeg     . . .     Faith    .   b - +0 scale mail
rPois    .         Spirit   .   p - +0 helmet
rElec    .         Reflect  .   (no cloak)
rCorr    .         Harm     .   r - +2 pair of gloves
MR       +....                  t - +0 pair of boots
Stlth    ..........             (no amulet)
HPRegen  0.00/turn              o - ring of fire
MPRegen  0.10/turn              (no ring)

@: non-regenerating
A: damage resistance, heal wounds, sense surroundings 1, no regeneration
a: Heal Wounds, Renounce Religion


You were on level 5 of the Dungeon.
You worshipped Makhleb.
Makhleb was noncommittal.
You were hungry.

You visited 2 branches of the dungeon, and saw 6 of its levels.

You collected 253 gold pieces.

Inventory:

Hand Weapons
 a - a +0 war axe (weapon)
Missiles
 s - 121 stones (quivered)
Armour
 b - a +0 scale mail (worn)
 c - a +0 shield (worn)
 p - a +0 helmet (worn)
 r - a +2 pair of gloves (worn)
 t - a +0 pair of boots (worn)
Jewellery
 o - a ring of fire (left hand)
Scrolls
 e - 7 scrolls of teleportation
 g - 5 scrolls of identify
 j - 5 scrolls of enchant weapon {unknown}
 k - 4 scrolls of remove curse {unknown}
 n - a scroll of amnesia {unknown}
 w - a scroll of fog {unknown}
Potions
 d - 4 potions of might
 h - 2 potions of haste
 i - 3 potions of mutation
 l - 3 potions of degeneration {unknown}
 m - a potion of agility {unknown}
 q - a potion of berserk rage {unknown}
 u - 2 potions of flight {unknown}
 v - a potion of curing {unknown}
Comestibles
 f - 6 rations


   Skills:
 + Level 3.9 Fighting
 + Level 6.0 Axes
 + Level 0.1 Throwing
 + Level 4.6 Armour
 + Level 2.0 Dodging
 + Level 0.6 Stealth
 + Level 4.7 Shields


You had 6 spell levels left.
You didn't know any spells.
Your spell library contained the following spells:

 Spells                   Type           Power        Failure   Level  Hunger
 Beastly Appendage        Tmut           #.....       99%         1    ##.....
 Sticks to Snakes         Tmut           #.......     99%         2    ###....
 Spider Form              Tmut/Pois      #.........   100%        3    ####...
 Ice Form                 Ice/Tmut       #.......     100%        4    #####..
 Blade Hands              Tmut           #.........   100%        5    ######.


Dungeon Overview and Level Annotations

Branches:
Dungeon (5/15)             Temple (1/1) D:4

Altars:
Cheibriados
Dithmenos
Elyvilon
Fedhas
Gozag
Hepliaklqana
Makhleb
Okawaru
Qazlal
Trog
Uskayaw
Xom
Yredelemnul
Zin
The Shining One

Annotations:
D:5 Dowan, Duvessa


Innate Abilities, Weirdness & Mutations

You are resistant to damage.
You can heal yourself by infusing magical energy.
You passively map a small area around you.
You do not regenerate.


Message History

You hit the ogre.
The ogre is almost dead.
The ogre hits you with a +0 giant club!!
You are too injured to fight recklessly!
You are too injured to fight recklessly!
You are too injured to fight recklessly!
You are too injured to fight recklessly!
You are too injured to fight recklessly!
You are too injured to fight recklessly!
You hit the ogre but do no damage.
The ogre is almost dead.
You block the ogre's attack.
Your shield and scale mail prevent you from hitting the ogre.
The ogre is almost dead.
The ogre hits you with a +0 giant club!
* * * LOW HITPOINT WARNING * * *
You hit the ogre but do no damage.
The ogre is almost dead.
The ogre hits you with a +0 giant club!!
You die...

### ### #.###.#
#. #.....# #.
#.###@# * #. #.#
#O# ,,.. ######.#
#.# * * #.
#....#.#*#.# , #.
#....#.#....# *
#. #....#.#.#..#
,* #.
#....#.#.#..# , *
* #.
#####....#.#.#..#
,,, ##.
#..........#.#..#
, ###### #).


You could see an ogre.

Vanquished Creatures
  An orc warrior (D:5)
  An ogre (D:4)
  A hound (D:5)
  A centaur zombie (D:5)
  A crimson imp (D:5)
  A jelly (D:5)
  An orc priest (D:4)
  An orc wizard (D:5)
  A hound zombie (D:4)
  Robin (D:2)
  4 gnolls (D:5)
  8 adders
  3 worms
  4 leopard geckos
  13 orcs
  2 giant cockroaches
  10 hobgoblins
  2 jackals (D:3)
  9 kobolds
  4 quokkas
  2 ball pythons
  A ball python skeleton (D:4)
  5 bats
  4 frilled lizards
  14 goblins
  6 rats
101 creatures vanquished.

Vanquished Creatures (others)
  An orc wizard (D:5)
1 creature vanquished.

Grand Total: 102 creatures vanquished

Notes
Turn   | Place    | Note
-------+----------+-------------------------------------------
     0 | D:1      | Kairos the Deep Dwarf Fighter began the quest for the Orb.
     0 | D:1      | Reached XP level 1. HP: 20/20 MP: 1/1
   275 | D:1      | Reached XP level 2. HP: 17/27 MP: 2/2
   797 | D:2      | Reached skill level 1 in Dodging
   797 | D:2      | Reached XP level 3. HP: 30/34 MP: 2/2
  1065 | D:2      | Found a glowing golden altar of the Shining One.
  1159 | D:2      | Reached skill level 3 in Axes
  1192 | D:2      | Noticed Robin
  1195 | D:2      | Reached XP level 4. HP: 20/42 MP: 3/3
  1207 | D:2      | Killed Robin
  1294 | D:2      | Found a glowing silver altar of Zin.
  1295 | D:2      | Noticed an angel
  2106 | D:3      | Reached XP level 5. HP: 33/49 MP: 4/4
  2177 | D:4      | Noticed an ogre
  2301 | D:4      | Found a staircase to the Ecumenical Temple.
  2335 | D:4      | Reached skill level 4 in Axes
  2449 | D:4      | Killed an ogre
  2449 | D:4      | Reached XP level 6. HP: 40/56 MP: 5/5
  2544 | D:4      | Found a blossoming altar of Fedhas.
  2756 | Temple   | Entered the Ecumenical Temple
  2803 | Temple   | Became a worshipper of Makhleb the Destroyer
  2892 | D:5      | Entered Level 5 of the Dungeon
  2898 | D:5      | Noticed Duvessa
  2899 | D:5      | Noticed Dowan
  3062 | D:5      | Found a hazy altar of Hepliaklqana.
  3070 | D:5      | Reached skill level 5 in Axes
  3106 | D:5      | Noticed an orc warrior
  3147 | D:5      | Killed an orc warrior
  3168 | D:5      | Reached XP level 7. HP: 36/63 MP: 6/6
  3249 | D:5      | Reached skill level 6 in Axes
  3306 | D:5      | Mangled by an ogre

Skill      XL: |  1  2  3  4  5  6  7 |
---------------+----------------------+-----
Fighting       | 3 |  3.9
Dodging        | 1 2 |  2.0
Axes           | 3 4 5 6 |  6.0
Shields        | 4 |  4.7
Armour         | 4 |  4.6
Throwing       | |  0.1
Stealth        | |  0.6

Action                   |  1- 3 |  4- 6 |  7- 9 || total
-------------------------+-------+-------+-------++-------
Melee: War axe           |   152 |   234 |    37 ||   423
Throw: Stone             |       |     3 |       ||     3
 Abil: Heal Wounds       |     1 |     4 |     1 ||     6
  Use: Scroll            |       |     2 |       ||     2
       Potion            |       |     1 |       ||     1
  Eat: Chunk             |     1 |     7 |       ||     8
Armor: Scale mail        |    77 |    97 |     9 ||   183
Dodge: Dodged            |    52 |    96 |     7 ||   155
Block: Shield            |    78 |   106 |    16 ||   200
